Map: Lightshade LE

Players

Vanroyan

  • Race: Zerg Zerg
  • League: Platinum
  • Spawn Location: 11:00

VOD

Have the link to the VOD?

Description

Time

  • Played on: Jan. 22, 2021, 7:50 p.m.
  • Length: 3:35
Show
View Real Time Build Order
Export as new Build Order

Vanroyan Zerg 

Build Orders:  

Get SALT Encoding   

  12  0:01  Drone  
  13  0:16  Overlord  
  13  0:23  Drone  
  14  0:59  Hatchery  
  13  1:03  Drone  
  13  1:09  Drone  
  15  1:14  Drone  
  16  1:22  Extractor  
  15  1:43  Spawning Pool  
  15  1:46  Drone  
  15  1:51  Drone  
  15  1:58  Drone  
  17  2:04  Drone  
  18  2:18  Drone  
  19  2:33  Drone  
  20  2:56  Zergling x2  
  20  2:57  Zergling x4  
  23  3:04  Zergling x2  
  26  3:10  Zergling x2  
Tags
 
Add a new tag
Caveats
  • Supply blocks, unpowered buildings, or Contaminate may cause inaccurate times.
  • Supply counts are checked every 10 seconds.